Canucks vs Canadiens

Created - January 19 2008 at 12:02

Goals
1 2 3 T
Canucks 0 1 1 2
Canadiens 0 1 2 3
Shots
1 2 3 T
Canucks 3 10 12 25
Canadiens 7 9 7 23

Period #1

No Goal

Penalties :
Sergei Fedorov (VAN) for Interference (Minor) at 1:19, Antoine Vermette (MTL) for Holding (Minor) at 3:33, Dustin Brown (VAN) for Slashing (Minor) at 17:21, Anders Eriksson (VAN) for Hooking (Minor) at 18:29

Period #2

1. Canucks , Steve Bernier 4 (Sergei Fedorov, Mike Commodore) at 5:16
2. Canadiens , Mike Ribeiro 12 (Brian Gionta, Ryan Whitney) at 19:33 (PP)

Penalties :
Ed Jovanovski (MTL) for Holding Stick (Minor) at 4:30, Ryan Malone (VAN) for Slashing (Minor) at 4:30, Mike Ribeiro (MTL) for Hooking (Minor) at 5:23, Anders Eriksson (VAN) for Roughing (Minor) at 7:45, Martin Gelinas (MTL) for Tripping (Minor) at 13:28, Sergei Fedorov (VAN) for Roughing (Minor) at 18:55

Period #3

3. Canadiens , Ales Hemsky 6 (Lubomir Visnovsky, Mike Ribeiro) at 8:26
4. Canucks , Sergei Fedorov 9 (Alexei Kovalev, Martin Havlat) at 12:01 (PP)
5. Canadiens , Lubomir Visnovsky 8 (Brian Rafalski, Viktor Kozlov) at 19:24 (PP)

Penalties :
Andrej Meszaros (MTL) for Slashing (Minor) at 10:16, Bryan Smolinski (VAN) for High sticking (Minor) at 13:12, Andrej Meszaros (MTL) for Tripping (Minor) at 15:57, Matt Cullen (VAN) for Holding (Minor) at 18:12, Craig Rivet (VAN) for Cross-checking (Minor) at 18:31

Goalie Stats

Evgeni Nabokov (VAN), 20 saves from 23 shots - (0.870), L, 20-24-1, 60:00 minutes
Roberto Luongo (MTL), 23 saves from 25 shots - (0.920), W, 26-22-1, 60:00 minutes

Players Stats

Canucks
Player Name              G  A  P  +/- PIM S  H  SB FO MP 
-----------------------------------------------------------
Alexei Kovalev           0  1  1   1  0   2  1  0  5  18 
Anders Eriksson          0  0  0   0  4   0  1  1  0  19 
Brad Richardson          0  0  0   0  0   0  0  0  0  13 
Bryan Smolinski          0  0  0   0  2   1  2  1  0  15 
Craig Rivet              0  0  0   0  2   0  0  0  0  14 
Dan Hamhuis              0  0  0  -1  0   0  3  1  0  19 
Dustin Brown             0  0  0  -1  2   2  6  0  2  17 
Jarret Stoll             0  0  0  -1  0   4  1  0  19 17 
Ken Klee                 0  0  0   0  0   1  1  0  0  15 
Martin Havlat            0  1  1   0  0   3  0  0  3  21 
Matt Cullen              0  0  0   0  2   0  0  0  19 16 
Mike Commodore           0  1  1   1  0   0  4  2  0  18 
Radek Bonk               0  0  0   0  0   1  0  1  26 16 
Robert Lang              0  0  0  -1  0   3  1  0  24 16 
Ron Hainsey              0  0  0   0  0   0  0  0  0  19 
Ryan Malone              0  0  0   0  2   3  0  0  0  16 
Sergei Fedorov           1  1  2   0  4   3  1  0  0  18 
Steve Bernier            1  0  1   1  0   2  1  0  0  14 
Canadiens
Player Name              G  A  P  +/- PIM S  H  SB FO MP 
-----------------------------------------------------------
Ales Hemsky              1  0  1   1  0   3  3  0  2  16 
Andrej Meszaros          0  0  0   0  4   0  1  1  0  5  
Antoine Vermette         0  0  0   0  2   1  1  0  17 15 
Brian Gionta             0  1  1   0  0   2  0  0  4  15 
Brian Rafalski           0  1  1  -1  0   2  1  0  0  21 
Darcy Tucker             0  0  0   0  0   1  0  0  0  7  
Ed Jovanovski            0  0  0   1  2   2  0  0  0  22 
Filip Kuba               0  0  0   0  0   0  3  1  0  17 
Keith Carney             0  0  0   0  0   0  2  0  0  14 
Lubomir Visnovsky        1  1  2   0  0   1  0  0  0  20 
Martin Gelinas           0  0  0   0  2   1  2  0  1  22 
Mathieu Dandenault       0  0  0   0  0   0  0  2  0  5  
Mike Comrie              0  0  0   1  0   0  0  0  0  19 
Mike Ribeiro             1  1  2   1  2   4  1  0  29 21 
Ryan Kesler              0  0  0   0  0   0  1  0  2  16 
Ryan Whitney             0  1  1   0  0   2  1  0  0  22 
Scott Gomez              0  0  0  -1  0   1  1  0  39 25 
Viktor Kozlov            0  1  1  -1  0   3  2  0  4  25 

3 Stars

1 - Mike Ribeiro (MTL)
2 - Sergei Fedorov (VAN)
3 - Ales Hemsky (MTL)

Power Play

Canucks - 1 on 5 Attempt(s) - 20.00%
Canadiens - 2 on 8 Attempt(s) - 25.00%

Penalty Kill

Canucks - 6 on 8 Attempt(s) - 75.00% - Score 0 goal in Penalty Kill
Canadiens - 4 on 5 Attempt(s) - 80.00% - Score 0 goal in Penalty Kill

Game Notes

No Game Note

Finance

Level 1 -- Attendance: 4084 (68.07%) -- Ticket Income $408,400.00
Level 2 -- Attendance: 3188 (63.77%) -- Ticket Income $191,280.00
Level 3 -- Attendance: 1416 (70.81%) -- Ticket Income $49,560.00
Level 4 -- Attendance: 1891 (47.28%) -- Ticket Income $56,730.00
Luxury Box -- Attendance: 521 (52.13%) -- Ticket Income $130,250.00
Game was played at the Bell Centre
Total Attendance: 11100 (51.32%)
Total Ticket Income: $851,530.80
Other Income: $176,101.20
Total Income: $1,027,632.00


Play by Play

Period #1

0:01 of 1st period - Jarret Stoll wins face-off versus Scott Gomez in neutral zone.
0:13 of 1st period - Icing by Viktor Kozlov.
0:14 of 1st period - Robert Lang wins face-off versus Scott Gomez in Canadiens zone.
0:26 of 1st period - Off-side.
0:27 of 1st period - Mike Ribeiro wins face-off versus Radek Bonk in neutral zone.
0:44 of 1st period - Mike Ribeiro is hit by Bryan Smolinski and loses puck.
0:48 of 1st period - Icing by Ryan Whitney.
0:49 of 1st period - Dustin Brown wins face-off versus Brian Gionta in Canadiens zone.
1:02 of 1st period - Shot by Mike Ribeiro.
1:02 of 1st period - Deflect By Martin Gelinas.
1:02 of 1st period - Stopped by Evgeni Nabokov without a rebound.
1:03 of 1st period - Robert Lang wins face-off versus Scott Gomez in Canucks zone.
1:19 of 1st period - Minor Penalty to Sergei Fedorov for Interference.
1:20 of 1st period - Scott Gomez wins face-off versus Matt Cullen in Canucks zone.
2:35 of 1st period - Shot by Ryan Whitney.
2:35 of 1st period - Shot Misses the Net.
3:07 of 1st period - Mike Commodore is hit by Ales Hemsky and loses puck.
3:12 of 1st period - Shot by Lubomir Visnovsky.
3:12 of 1st period - Deflect By Ales Hemsky.
3:12 of 1st period - Shot Misses the Net.
3:14 of 1st period - Shot by Brian Rafalski.
3:14 of 1st period - Shot Blocked by Mike Commodore.
3:16 of 1st period - Shot by Brian Rafalski.
3:16 of 1st period - Stopped by Evgeni Nabokov without a rebound.
3:17 of 1st period - Mike Ribeiro wins face-off versus Radek Bonk in Canucks zone.
3:33 of 1st period - Minor Penalty to Antoine Vermette for Holding.
3:34 of 1st period - Mike Ribeiro wins face-off versus Martin Havlat in neutral zone.
5:33 of 1st period - Alexei Kovalev is hit by Keith Carney and loses puck.
7:20 of 1st period - Martin Gelinas is hit by Dustin Brown and loses puck.
7:55 of 1st period - Off-side.
7:56 of 1st period - Ryan Kesler wins face-off versus Robert Lang in neutral zone.
8:09 of 1st period - Shot by Steve Bernier.
8:09 of 1st period - Deflect By Martin Havlat.
8:09 of 1st period - Shot Blocked by Filip Kuba.
8:19 of 1st period - Antoine Vermette is hit by Steve Bernier and loses puck.
8:37 of 1st period - Icing by Robert Lang.
8:38 of 1st period - Robert Lang wins face-off versus Scott Gomez in Canucks zone.
8:38 of 1st period - Robert Lang is hit by Ales Hemsky.
9:06 of 1st period - Craig Rivet is hit by Scott Gomez and loses puck.
10:35 of 1st period - Shot by Filip Kuba.
10:35 of 1st period - Shot Misses the Net.
10:39 of 1st period - Shot by Ryan Kesler.
10:39 of 1st period - Shot Misses the Net.
10:41 of 1st period - Shot by Keith Carney.
10:41 of 1st period - Shot Misses the Net.
11:18 of 1st period - Shot by Darcy Tucker.
11:18 of 1st period - Stopped by Evgeni Nabokov without a rebound.
11:19 of 1st period - Mike Ribeiro wins face-off versus Robert Lang in Canucks zone.
11:21 of 1st period - Martin Gelinas is hit by Dan Hamhuis and loses puck.
11:27 of 1st period - Icing by Martin Havlat.
11:28 of 1st period - Mike Ribeiro wins face-off versus Robert Lang in Canucks zone.
11:28 of 1st period - Martin Gelinas is hit by Sergei Fedorov.
11:56 of 1st period - Shot by Ryan Whitney.
11:56 of 1st period - Stopped by Evgeni Nabokov without a rebound.
11:57 of 1st period - Antoine Vermette wins face-off versus Radek Bonk in Canucks zone.
12:13 of 1st period - Icing by Filip Kuba.
12:14 of 1st period - Antoine Vermette wins face-off versus Matt Cullen in Canadiens zone.
12:21 of 1st period - Icing by Keith Carney.
12:22 of 1st period - Radek Bonk wins face-off versus Antoine Vermette in Canadiens zone.
12:41 of 1st period - Icing by Mike Comrie.
12:42 of 1st period - Robert Lang wins face-off versus Antoine Vermette in Canadiens zone.
12:57 of 1st period - Antoine Vermette is hit by Dan Hamhuis and loses puck.
13:01 of 1st period - Icing by Steve Bernier.
13:02 of 1st period - Robert Lang wins face-off versus Scott Gomez in Canucks zone.
13:09 of 1st period - Shot by Martin Havlat.
13:09 of 1st period - Shot Misses the Net.
13:38 of 1st period - Shot by Alexei Kovalev.
13:38 of 1st period - Shot Misses the Net.
13:50 of 1st period - Shot by Dustin Brown.
13:50 of 1st period - Stopped by Roberto Luongo without a rebound.
13:51 of 1st period - Brian Gionta wins face-off versus Radek Bonk in Canadiens zone.
13:59 of 1st period - Off-side.
14:00 of 1st period - Radek Bonk wins face-off versus Mike Ribeiro in neutral zone.
14:26 of 1st period - Icing by Ryan Whitney.
14:27 of 1st period - Mike Ribeiro wins face-off versus Jarret Stoll in Canadiens zone.
14:40 of 1st period - Shot by Brian Gionta.
14:40 of 1st period - Stopped by Evgeni Nabokov without a rebound.
14:41 of 1st period - Robert Lang wins face-off versus Antoine Vermette in Canucks zone.
15:15 of 1st period - Shot by Robert Lang.
15:15 of 1st period - Stopped by Roberto Luongo without a rebound.
15:16 of 1st period - Jarret Stoll wins face-off versus Scott Gomez in Canadiens zone.
15:33 of 1st period - Brian Rafalski is hit by Jarret Stoll and loses puck.
15:52 of 1st period - Shot by Ales Hemsky.
15:52 of 1st period - Stopped by Evgeni Nabokov without a rebound.
15:53 of 1st period - Brian Gionta wins face-off versus Radek Bonk in Canucks zone.
15:59 of 1st period - Off-side.
16:00 of 1st period - Antoine Vermette wins face-off versus Matt Cullen in neutral zone.
16:05 of 1st period - Dan Hamhuis is hit by Ryan Kesler and loses puck.
16:51 of 1st period - Icing by Mike Comrie.
16:52 of 1st period - Jarret Stoll wins face-off versus Ryan Kesler in Canadiens zone.
17:03 of 1st period - Shot by Dustin Brown.
17:03 of 1st period - Shot Misses the Net.
17:05 of 1st period - Shot by Dustin Brown.
17:05 of 1st period - Stopped by Roberto Luongo without a rebound.
17:06 of 1st period - Radek Bonk wins face-off versus Scott Gomez in Canadiens zone.
17:19 of 1st period - Icing by Brian Rafalski.
17:20 of 1st period - Viktor Kozlov wins face-off versus Jarret Stoll in Canadiens zone.
17:20 of 1st period - Viktor Kozlov is hit by Dustin Brown.
17:21 of 1st period - Minor Penalty to Dustin Brown for Slashing.
17:22 of 1st period - Radek Bonk wins face-off versus Mike Ribeiro in Canadiens zone.
17:55 of 1st period - Ryan Malone is hit by Martin Gelinas and loses puck.
18:04 of 1st period - Shot by Mike Ribeiro.
18:04 of 1st period - Stopped by Evgeni Nabokov without a rebound.
18:05 of 1st period - Scott Gomez wins face-off versus Matt Cullen in Canucks zone.
18:29 of 1st period - Minor Penalty to Anders Eriksson for Hooking.
18:30 of 1st period - Scott Gomez wins face-off versus Radek Bonk in Canucks zone.

Period #2

0:01 of 2nd period - Matt Cullen wins face-off versus Scott Gomez in neutral zone.
0:14 of 2nd period - Shot by Brian Rafalski.
0:14 of 2nd period - Shot Misses the Net.
0:16 of 2nd period - Shot by Lubomir Visnovsky.
0:16 of 2nd period - Shot Misses the Net.
0:39 of 2nd period - Shot by Martin Havlat.
0:39 of 2nd period - Shot Misses the Net.
0:52 of 2nd period - Shot by Mike Ribeiro.
0:52 of 2nd period - Stopped by Evgeni Nabokov without a rebound.
0:53 of 2nd period - Antoine Vermette wins face-off versus Jarret Stoll in Canucks zone.
0:53 of 2nd period - Mike Comrie is hit by Mike Commodore and loses puck.
0:59 of 2nd period - Icing by Ron Hainsey.
1:00 of 2nd period - Jarret Stoll wins face-off versus Scott Gomez in Canucks zone.
1:21 of 2nd period - Shot by Viktor Kozlov.
1:21 of 2nd period - Stopped by Evgeni Nabokov with a rebound.
1:43 of 2nd period - Shot by Viktor Kozlov.
1:43 of 2nd period - Shot Misses the Net.
2:01 of 2nd period - Shot by Ed Jovanovski.
2:01 of 2nd period - Stopped by Evgeni Nabokov with a rebound.
2:18 of 2nd period - Ed Jovanovski is hit by Dan Hamhuis and loses puck.
2:25 of 2nd period - Shot by Martin Havlat.
2:25 of 2nd period - Stopped by Roberto Luongo without a rebound.
2:26 of 2nd period - Radek Bonk wins face-off versus Antoine Vermette in Canadiens zone.
2:31 of 2nd period - Shot by Ken Klee.
2:31 of 2nd period - Stopped by Roberto Luongo without a rebound.
2:32 of 2nd period - Matt Cullen wins face-off versus Antoine Vermette in Canadiens zone.
3:50 of 2nd period - Icing by Craig Rivet.
3:51 of 2nd period - Matt Cullen wins face-off versus Brian Gionta in Canucks zone.
3:51 of 2nd period - Craig Rivet is hit by Martin Gelinas and loses puck.
4:05 of 2nd period - Icing by Ryan Whitney.
4:06 of 2nd period - Radek Bonk wins face-off versus Mike Ribeiro in Canadiens zone.
4:24 of 2nd period - Bryan Smolinski is hit by Ryan Whitney and loses puck.
4:29 of 2nd period - Shot by Bryan Smolinski.
4:29 of 2nd period - Shot Misses the Net.
4:30 of 2nd period - Minor Penalty to Ed Jovanovski for Holding Stick.
4:30 of 2nd period - Minor Penalty to Ryan Malone for Slashing.
4:31 of 2nd period - Alexei Kovalev wins face-off versus Scott Gomez in Canadiens zone.
5:08 of 2nd period - Shot by Sergei Fedorov.
5:08 of 2nd period - Stopped by Roberto Luongo with a rebound.
5:12 of 2nd period - Shot by Steve Bernier.
5:12 of 2nd period - Shot Misses the Net.
5:16 of 2nd period - Shot by Steve Bernier.
5:16 of 2nd period - Goal by Steve Bernier - Canucks : 1 - Canadiens : 0.
5:17 of 2nd period - Jarret Stoll wins face-off versus Mike Ribeiro in neutral zone.
5:19 of 2nd period - Off-side.
5:20 of 2nd period - Mike Ribeiro wins face-off versus Jarret Stoll in neutral zone.
5:23 of 2nd period - Minor Penalty to Mike Ribeiro for Hooking.
5:24 of 2nd period - Viktor Kozlov wins face-off versus Martin Havlat in Canucks zone.
5:33 of 2nd period - Shot by Viktor Kozlov.
5:33 of 2nd period - Stopped by Evgeni Nabokov without a rebound.
5:34 of 2nd period - Matt Cullen wins face-off versus Viktor Kozlov in Canucks zone.
6:25 of 2nd period - Shot by Jarret Stoll.
6:25 of 2nd period - Stopped by Roberto Luongo with a rebound.
6:58 of 2nd period - Shot by Alexei Kovalev.
6:58 of 2nd period - Stopped by Roberto Luongo without a rebound.
6:59 of 2nd period - Robert Lang wins face-off versus Scott Gomez in Canadiens zone.
7:16 of 2nd period - Shot by Alexei Kovalev.
7:16 of 2nd period - Shot Misses the Net.
7:20 of 2nd period - Shot by Martin Havlat.
7:20 of 2nd period - Stopped by Roberto Luongo without a rebound.
7:21 of 2nd period - Jarret Stoll wins face-off versus Scott Gomez in Canadiens zone.
7:28 of 2nd period - Shot by Ryan Malone.
7:28 of 2nd period - Stopped by Roberto Luongo without a rebound.
7:29 of 2nd period - Radek Bonk wins face-off versus Antoine Vermette in Canadiens zone.
7:29 of 2nd period - Radek Bonk is hit by Filip Kuba.
7:32 of 2nd period - Bryan Smolinski is hit by Filip Kuba and loses puck.
7:44 of 2nd period - Filip Kuba is hit by Ken Klee and loses puck.
7:45 of 2nd period - Minor Penalty to Anders Eriksson for Roughing.
7:46 of 2nd period - Radek Bonk wins face-off versus Ales Hemsky in Canucks zone.
8:13 of 2nd period - Shot by Lubomir Visnovsky.
8:13 of 2nd period - Shot Misses the Net.
8:15 of 2nd period - Shot by Viktor Kozlov.
8:15 of 2nd period - Shot Misses the Net.
8:17 of 2nd period - Shot by Brian Rafalski.
8:17 of 2nd period - Shot Blocked by Mike Commodore.
8:19 of 2nd period - Shot by Viktor Kozlov.
8:19 of 2nd period - Stopped by Evgeni Nabokov without a rebound.
8:20 of 2nd period - Mike Ribeiro wins face-off versus Matt Cullen in Canucks zone.
8:23 of 2nd period - Shot by Ryan Whitney.
8:23 of 2nd period - Deflect By Martin Gelinas.
8:23 of 2nd period - Shot Misses the Net.
8:25 of 2nd period - Shot by Ryan Whitney.
8:25 of 2nd period - Shot Misses the Net.
8:27 of 2nd period - Shot by Mike Ribeiro.
8:27 of 2nd period - Shot Misses the Net.
8:29 of 2nd period - Shot by Ryan Whitney.
8:29 of 2nd period - Stopped by Evgeni Nabokov without a rebound.
8:30 of 2nd period - Martin Gelinas wins face-off versus Matt Cullen in Canucks zone.
9:29 of 2nd period - Ryan Malone is hit by Ales Hemsky and loses puck.
9:37 of 2nd period - Icing by Lubomir Visnovsky.
9:38 of 2nd period - Scott Gomez wins face-off versus Matt Cullen in Canadiens zone.
9:40 of 2nd period - Icing by Brian Rafalski.
9:41 of 2nd period - Radek Bonk wins face-off versus Scott Gomez in Canadiens zone.
10:05 of 2nd period - Off-side.
10:06 of 2nd period - Jarret Stoll wins face-off versus Mike Ribeiro in neutral zone.
10:09 of 2nd period - Ed Jovanovski is hit by Dustin Brown and loses puck.
10:36 of 2nd period - Shot by Alexei Kovalev.
10:36 of 2nd period - Stopped by Roberto Luongo without a rebound.
10:37 of 2nd period - Robert Lang wins face-off versus Antoine Vermette in Canadiens zone.
10:37 of 2nd period - Sergei Fedorov is hit by Keith Carney and loses puck.
11:39 of 2nd period - Icing by Radek Bonk.
11:40 of 2nd period - Radek Bonk wins face-off versus Scott Gomez in Canucks zone.
12:21 of 2nd period - Shot by Scott Gomez.
12:21 of 2nd period - Shot Misses the Net.
12:38 of 2nd period - Viktor Kozlov is hit by Mike Commodore and loses puck.
12:52 of 2nd period - Icing by Alexei Kovalev.
12:53 of 2nd period - Jarret Stoll wins face-off versus Mike Ribeiro in Canucks zone.
12:53 of 2nd period - Jarret Stoll is hit by Mike Ribeiro.
13:28 of 2nd period - Minor Penalty to Martin Gelinas for Tripping.
13:29 of 2nd period - Scott Gomez wins face-off versus Robert Lang in Canucks zone.
13:36 of 2nd period - Shot by Brian Rafalski.
13:36 of 2nd period - Shot Misses the Net.
13:38 of 2nd period - Shot by Lubomir Visnovsky.
13:38 of 2nd period - Shot Blocked by Dan Hamhuis.
13:47 of 2nd period - Icing by Dan Hamhuis.
13:48 of 2nd period - Robert Lang wins face-off versus Mike Ribeiro in Canucks zone.
13:53 of 2nd period - Mike Comrie is hit by Bryan Smolinski and loses puck.
14:01 of 2nd period - Icing by Robert Lang.
14:02 of 2nd period - Martin Havlat wins face-off versus Mike Ribeiro in Canucks zone.
14:22 of 2nd period - Icing by Dan Hamhuis.
14:23 of 2nd period - Mike Ribeiro wins face-off versus Robert Lang in Canucks zone.
14:51 of 2nd period - Scott Gomez is hit by Robert Lang and loses puck.
16:03 of 2nd period - Off-side.
16:04 of 2nd period - Scott Gomez wins face-off versus Radek Bonk in neutral zone.
16:21 of 2nd period - Shot by Ryan Malone.
16:21 of 2nd period - Shot Misses the Net.
16:23 of 2nd period - Shot by Radek Bonk.
16:23 of 2nd period - Shot Misses the Net.
16:25 of 2nd period - Shot by Alexei Kovalev.
16:25 of 2nd period - Shot Misses the Net.
16:27 of 2nd period - Shot by Ryan Malone.
16:27 of 2nd period - Stopped by Roberto Luongo without a rebound.
16:28 of 2nd period - Matt Cullen wins face-off versus Mike Ribeiro in Canadiens zone.
17:31 of 2nd period - Shot by Ales Hemsky.
17:31 of 2nd period - Shot Blocked by Bryan Smolinski.
17:33 of 2nd period - Shot by Brian Rafalski.
17:33 of 2nd period - Stopped by Evgeni Nabokov without a rebound.
17:34 of 2nd period - Antoine Vermette wins face-off versus Jarret Stoll in Canucks zone.
17:59 of 2nd period - Shot by Filip Kuba.
17:59 of 2nd period - Shot Misses the Net.
18:33 of 2nd period - Icing by Dan Hamhuis.
18:34 of 2nd period - Robert Lang wins face-off versus Scott Gomez in Canucks zone.
18:34 of 2nd period - Robert Lang is hit by Viktor Kozlov.
18:55 of 2nd period - Minor Penalty to Sergei Fedorov for Roughing.
18:56 of 2nd period - Mike Ribeiro wins face-off versus Matt Cullen in Canucks zone.
19:09 of 2nd period - Shot by Ed Jovanovski.
19:09 of 2nd period - Stopped by Evgeni Nabokov without a rebound.
19:10 of 2nd period - Mike Ribeiro wins face-off versus Matt Cullen in Canucks zone.
19:26 of 2nd period - Mike Ribeiro is hit by Anders Eriksson and loses puck.
19:31 of 2nd period - Shot by Ryan Whitney.
19:31 of 2nd period - Shot Blocked by Anders Eriksson.
19:33 of 2nd period - Shot by Brian Gionta.
19:33 of 2nd period - Deflect By Mike Ribeiro.
19:33 of 2nd period - Goal by Mike Ribeiro - Canucks : 1 - Canadiens : 1.
19:34 of 2nd period - Alexei Kovalev wins face-off versus Scott Gomez in neutral zone.

Period #3

0:01 of 3rd period - Radek Bonk wins face-off versus Antoine Vermette in neutral zone.
0:10 of 3rd period - Shot by Bryan Smolinski.
0:10 of 3rd period - Stopped by Roberto Luongo with a rebound.
0:12 of 3rd period - Shot by Ken Klee.
0:12 of 3rd period - Shot Misses the Net.
0:17 of 3rd period - Icing by Antoine Vermette.
0:18 of 3rd period - Matt Cullen wins face-off versus Antoine Vermette in Canadiens zone.
0:52 of 3rd period - Off-side.
0:53 of 3rd period - Scott Gomez wins face-off versus Robert Lang in neutral zone.
0:55 of 3rd period - Off-side.
0:56 of 3rd period - Robert Lang wins face-off versus Scott Gomez in neutral zone.
1:17 of 3rd period - Shot by Scott Gomez.
1:17 of 3rd period - Stopped by Evgeni Nabokov without a rebound.
1:18 of 3rd period - Robert Lang wins face-off versus Scott Gomez in Canucks zone.
1:30 of 3rd period - Icing by Sergei Fedorov.
1:31 of 3rd period - Robert Lang wins face-off versus Scott Gomez in Canucks zone.
1:54 of 3rd period - Icing by Brian Rafalski.
1:55 of 3rd period - Robert Lang wins face-off versus Scott Gomez in Canadiens zone.
1:56 of 3rd period - Shot by Martin Havlat.
1:56 of 3rd period - Shot Misses the Net.
2:13 of 3rd period - Icing by Viktor Kozlov.
2:14 of 3rd period - Scott Gomez wins face-off versus Alexei Kovalev in Canadiens zone.
2:14 of 3rd period - Scott Gomez is hit by Dustin Brown.
2:40 of 3rd period - Shot by Mike Ribeiro.
2:40 of 3rd period - Stopped by Evgeni Nabokov without a rebound.
2:41 of 3rd period - Mike Ribeiro wins face-off versus Robert Lang in Canucks zone.
3:27 of 3rd period - Shot by Alexei Kovalev.
3:27 of 3rd period - Shot Misses the Net.
3:29 of 3rd period - Shot by Jarret Stoll.
3:29 of 3rd period - Stopped by Roberto Luongo without a rebound.
3:30 of 3rd period - Scott Gomez wins face-off versus Alexei Kovalev in Canadiens zone.
3:34 of 3rd period - Ed Jovanovski is hit by Mike Commodore and loses puck.
3:47 of 3rd period - Shot by Jarret Stoll.
3:47 of 3rd period - Stopped by Roberto Luongo with a rebound.
4:35 of 3rd period - Bryan Smolinski is hit by Antoine Vermette and loses puck.
7:01 of 3rd period - Shot by Ryan Malone.
7:01 of 3rd period - Stopped by Roberto Luongo with a rebound.
7:05 of 3rd period - Shot by Martin Havlat.
7:05 of 3rd period - Stopped by Roberto Luongo without a rebound.
7:06 of 3rd period - Matt Cullen wins face-off versus Viktor Kozlov in Canadiens zone.
7:08 of 3rd period - Alexei Kovalev is hit by Filip Kuba and loses puck.
7:20 of 3rd period - Ryan Malone is hit by Brian Rafalski and loses puck.
7:42 of 3rd period - Icing by Viktor Kozlov.
7:43 of 3rd period - Scott Gomez wins face-off versus Dustin Brown in Canadiens zone.
7:43 of 3rd period - Viktor Kozlov is hit by Dustin Brown and loses puck.
8:03 of 3rd period - Icing by Dan Hamhuis.
8:04 of 3rd period - Jarret Stoll wins face-off versus Ales Hemsky in Canucks zone.
8:06 of 3rd period - Icing by Dustin Brown.
8:07 of 3rd period - Jarret Stoll wins face-off versus Mike Ribeiro in Canucks zone.
8:20 of 3rd period - Shot by Ales Hemsky.
8:20 of 3rd period - Deflect By Mike Ribeiro.
8:20 of 3rd period - Shot Misses the Net.
8:22 of 3rd period - Shot by Mike Comrie.
8:22 of 3rd period - Deflect By Mike Ribeiro.
8:22 of 3rd period - Shot Misses the Net.
8:26 of 3rd period - Shot by Lubomir Visnovsky.
8:26 of 3rd period - Deflect By Ales Hemsky.
8:26 of 3rd period - Goal by Ales Hemsky - Canucks : 1 - Canadiens : 2.
8:27 of 3rd period - Radek Bonk wins face-off versus Antoine Vermette in neutral zone.
8:52 of 3rd period - Shot by Bryan Smolinski.
8:52 of 3rd period - Shot Misses the Net.
8:54 of 3rd period - Shot by Radek Bonk.
8:54 of 3rd period - Stopped by Roberto Luongo without a rebound.
8:55 of 3rd period - Scott Gomez wins face-off versus Matt Cullen in Canadiens zone.
9:27 of 3rd period - Martin Havlat is hit by Andrej Meszaros and loses puck.
9:43 of 3rd period - Icing by Andrej Meszaros.
9:44 of 3rd period - Scott Gomez wins face-off versus Radek Bonk in Canadiens zone.
10:09 of 3rd period - Shot by Ryan Malone.
10:09 of 3rd period - Shot Blocked by Andrej Meszaros.
10:11 of 3rd period - Shot by Ryan Malone.
10:11 of 3rd period - Shot Hit the Post.
10:13 of 3rd period - Shot by Bryan Smolinski.
10:13 of 3rd period - Shot Blocked by Mathieu Dandenault.
10:15 of 3rd period - Shot by Bryan Smolinski.
10:15 of 3rd period - Shot Blocked by Mathieu Dandenault.
10:16 of 3rd period - Minor Penalty to Andrej Meszaros for Slashing.
10:17 of 3rd period - Mike Ribeiro wins face-off versus Robert Lang in Canadiens zone.
10:44 of 3rd period - Shot by Martin Havlat.
10:44 of 3rd period - Shot Misses the Net.
10:46 of 3rd period - Shot by Robert Lang.
10:46 of 3rd period - Stopped by Roberto Luongo without a rebound.
10:47 of 3rd period - Mike Ribeiro wins face-off versus Jarret Stoll in Canadiens zone.
10:47 of 3rd period - Mike Ribeiro is hit by Dustin Brown.
11:41 of 3rd period - Mike Comrie is hit by Alexei Kovalev and loses puck.
11:59 of 3rd period - Shot by Alexei Kovalev.
11:59 of 3rd period - Shot Misses the Net.
12:01 of 3rd period - Shot by Sergei Fedorov.
12:01 of 3rd period - Goal by Sergei Fedorov - Canucks : 2 - Canadiens : 2.
12:02 of 3rd period - Matt Cullen wins face-off versus Antoine Vermette in neutral zone.
12:29 of 3rd period - Shot by Antoine Vermette.
12:29 of 3rd period - Stopped by Evgeni Nabokov without a rebound.
12:30 of 3rd period - Scott Gomez wins face-off versus Jarret Stoll in Canucks zone.
12:45 of 3rd period - Shot by Jarret Stoll.
12:45 of 3rd period - Stopped by Roberto Luongo without a rebound.
12:46 of 3rd period - Radek Bonk wins face-off versus Antoine Vermette in Canadiens zone.
13:12 of 3rd period - Minor Penalty to Bryan Smolinski for High sticking.
13:13 of 3rd period - Scott Gomez wins face-off versus Matt Cullen in neutral zone.
13:18 of 3rd period - Shot by Lubomir Visnovsky.
13:18 of 3rd period - Shot Misses the Net.
13:22 of 3rd period - Shot by Ales Hemsky.
13:22 of 3rd period - Stopped by Evgeni Nabokov without a rebound.
13:23 of 3rd period - Radek Bonk wins face-off versus Mike Ribeiro in Canucks zone.
13:35 of 3rd period - Mike Ribeiro is hit by Mike Commodore and loses puck.
13:46 of 3rd period - Shot by Ed Jovanovski.
13:46 of 3rd period - Shot Misses the Net.
13:50 of 3rd period - Shot by Ryan Whitney.
13:50 of 3rd period - Shot Misses the Net.
15:47 of 3rd period - Shot by Martin Havlat.
15:47 of 3rd period - Deflect By Robert Lang.
15:47 of 3rd period - Stopped by Roberto Luongo without a rebound.
15:48 of 3rd period - Scott Gomez wins face-off versus Jarret Stoll in Canadiens zone.
15:57 of 3rd period - Minor Penalty to Andrej Meszaros for Tripping.
15:58 of 3rd period - Jarret Stoll wins face-off versus Scott Gomez in Canadiens zone.
16:09 of 3rd period - Shot by Anders Eriksson.
16:09 of 3rd period - Shot Misses the Net.
16:11 of 3rd period - Shot by Anders Eriksson.
16:11 of 3rd period - Shot Misses the Net.
16:13 of 3rd period - Shot by Steve Bernier.
16:13 of 3rd period - Stopped by Roberto Luongo without a rebound.
16:14 of 3rd period - Robert Lang wins face-off versus Mike Ribeiro in Canadiens zone.
16:17 of 3rd period - Shot by Sergei Fedorov.
16:17 of 3rd period - Stopped by Roberto Luongo without a rebound.
16:18 of 3rd period - Robert Lang wins face-off versus Mike Ribeiro in Canadiens zone.
18:12 of 3rd period - Minor Penalty to Matt Cullen for Holding.
18:13 of 3rd period - Radek Bonk wins face-off versus Scott Gomez in neutral zone.
18:13 of 3rd period - Craig Rivet is hit by Viktor Kozlov and loses puck.
18:31 of 3rd period - Minor Penalty to Craig Rivet for Cross-checking.
18:32 of 3rd period - Alexei Kovalev wins face-off versus Mike Ribeiro in Canucks zone.
18:45 of 3rd period - Shot by Ryan Whitney.
18:45 of 3rd period - Shot Misses the Net.
18:49 of 3rd period - Shot by Brian Gionta.
18:49 of 3rd period - Stopped by Evgeni Nabokov without a rebound.
18:50 of 3rd period - Radek Bonk wins face-off versus Scott Gomez in Canucks zone.
19:02 of 3rd period - Icing by Lubomir Visnovsky.
19:03 of 3rd period - Scott Gomez wins face-off versus Radek Bonk in Canadiens zone.
19:22 of 3rd period - Shot by Lubomir Visnovsky.
19:22 of 3rd period - Shot Blocked by Radek Bonk.
19:24 of 3rd period - Shot by Lubomir Visnovsky.
19:24 of 3rd period - Goal by Lubomir Visnovsky - Canucks : 2 - Canadiens : 3.
19:25 of 3rd period - Radek Bonk wins face-off versus Mike Ribeiro in neutral zone.
19:51 of 3rd period - Shot by Matt Cullen.
19:51 of 3rd period - Shot Misses the Net.
19:53 of 3rd period - Shot by Ken Klee.
19:53 of 3rd period - Shot Misses the Net.


Output by the SimonT Hockey Simulator (STHS) for Stephane Roy -- Original Page W3C XHTML 1.0 Valid